 Dungeon Crawl Stone Soup version 0.22-a0-224-g8cf3520 (webtiles) character file.

196 RoseArtemis the Digger (level 5, -4/28 HPs)
             Began as a Gargoyle Earth Elementalist on Feb 19, 2018.
             Shot with an arrow by a centaur (14 damage)
             ... on level 3 of the Dungeon.
             The game lasted 00:22:55 (3662 turns).

RoseArtemis the Digger (GrEE)                       Turns: 3662, Time: 00:22:56

Health: -4/28      AC:  6    Str: 11    XL:     5   Next: 74%
Magic:  2/10       EV: 12    Int: 17    God:
Gold:   99         SH:  0    Dex: 10    Spells: 5/11 levels left

rFire    . . .     SeeInvis .   (no weapon)
rCold    . . .     Gourm    .   (no shield)
rNeg     + . .     Faith    .   c - +0 robe
rPois    ∞         Spirit   .   (no helmet)
rElec    +         Reflect  .   (no cloak)
rCorr    .         Harm     .   (no gloves)
MR       .....                  (no boots)
Stlth    ++........             (no amulet)
HPRegen  0.09/turn              (no ring)
MPRegen  0.12/turn              (no ring)

@: very slightly contaminated
A: negative energy resistance 1, electricity resistance, unbreathing,
petrification resistance, rot immunity, AC +4
a: no special abilities


You were on level 3 of the Dungeon.
You were not hungry.

You visited 1 branch of the dungeon, and saw 4 of its levels.

You collected 99 gold pieces.

Inventory:

Armour
 c - a +0 robe (worn)
 h - a +1 leather armour
Jewellery
 i - a +5 ring of evasion {unknown}
 k - an uncursed amulet of regeneration {unknown}
 n - a +2 ring of intelligence {unknown}
 q - an uncursed ring of protection from magic {unknown}
 r - an uncursed amulet of magic regeneration {unknown}
Scrolls
 a - a scroll of fog {unknown}
 e - a scroll of random uselessness {unknown}
 f - a scroll of enchant armour
 g - a scroll of enchant weapon
 j - a scroll of remove curse
 l - a scroll of teleportation {unknown}
Potions
 b - a potion of agility {unknown}
 m - a potion of resistance {unknown}
 o - a potion of mutation {unknown}
 p - a potion of ambrosia {unknown}
 s - a potion of lignification {unknown}
Comestibles
 d - 10 rations


   Skills:
 + Level 3.2 Armour
 - Level 1.5 Dodging
 - Level 2.1 Stealth
 + Level 3.5 Spellcasting
 - Level 0.7 Transmutations
 - Level 5.0 Earth Magic


You had 5 spell levels left.
You knew the following spells:

 Your Spells              Type           Power        Failure   Level  Hunger
a - Sandblast             Erth           ###...       1%          1    None
b - Passwall              Tmut/Erth      ##........   8%          2    ##.....
c - Stone Arrow           Conj/Erth      ##....       17%         3    ###....


Dungeon Overview and Level Annotations

Branches:
Dungeon (4/15)
 Temple: D:4-7

Altars:
Elyvilon
Makhleb

Annotations:
D:3 Robin


Innate Abilities, Weirdness & Mutations

You are resistant to torment.
Your stone body is resilient. (AC +4)
You are immune to poison.
You resist negative energy. (rN+)
You are resistant to electric shocks. (rElec)
You can survive without breathing.
You are immune to petrification.
You are immune to rotting.


Message History

You don't have enough magic to cast that spell.
Unknown command.
You closely miss the ball python.
The ball python bites you but does no damage.
The ball python barely misses you.
You hit the ball python.
The ball python is severely wounded.
The ball python closely misses you. The ball python grabs you.
The ball python constricts you.
You barely miss the ball python.
The ball python is severely wounded.
The ball python closely misses you. The ball python constricts you.
You hit the ball python.
You kill the ball python!
The centaur shoots an arrow.
The arrow hits you.
You see here an arrow.
The centaur shoots an arrow.
The arrow misses you.
The centaur shoots an arrow.
The arrow hits you!
Ouch! That really hurt!
You die...

..# #.# ## #.#
###.. #.# .....##
#.# .. ....... #.#
.# #.#..#. #(# ..
...... #@###. ##
#... #..#c. ....
#...
##(#.###?.#.###..#
#.#...S..#..... #
#.#(.#.###..#.###
#.((c#..... #....
#.c###..#.###.###
#.(.....#........
#...#.###.##.#...


You could see a centaur.

Vanquished Creatures
  A jelly (D:3)
  3 river rats
  5 adders
  2 oozes (D:1)
  3 worms
  A dart slug (D:3)
  4 leopard geckos
  6 orcs (D:3)
  2 ball pythons (D:3)
  2 giant cockroaches
  11 goblins
  6 hobgoblins
  3 quokkas
  4 bats
  6 frilled lizards
  4 kobolds (D:1)
  13 rats
76 creatures vanquished.

Notes
Turn   | Place    | Note
-------+----------+-------------------------------------------
     0 | D:1      | RoseArtemis the Gargoyle Earth Elementalist began the quest for the Orb.
     0 | D:1      | Reached XP level 1. HP: 10/10 MP: 3/3
    37 | D:1      | Reached XP level 2. HP: 15/15 MP: 0/5
    49 | D:1      | Reached skill level 1 in Armour
   150 | D:1      | Reached skill level 4 in Earth Magic
   297 | D:1      | Reached XP level 3. HP: 17/19 MP: 3/6
   777 | D:1      | Learned a level 2 spell: Passwall
  1433 | D:2      | Reached XP level 4. HP: 24/24 MP: 6/8
  1686 | D:2      | Learned a level 3 spell: Stone Arrow
  1699 | D:3      | Found a burning altar of Makhleb.
  2356 | D:2      | Reached XP level 5. HP: 10/28 MP: 2/9
  2664 | D:3      | Reached skill level 5 in Earth Magic
  2968 | D:3      | Found a white marble altar of Elyvilon.
  3002 | D:3      | Noticed Robin
  3644 | D:3      | Noticed a centaur
  3662 | D:3      | Shot with an arrow by a centaur

Vault maps used:
D:1:      erik_arrival_gehennom, serial_bayou_pond_d
D:2:      first_ration
D:3:      bloody_makhleb, lemuel_round_altar, gup_sewer_entry_bubbles,
          hangedman_decor_points, uniq_robin
D:4:      dancing_weapons_uskayaw, minivault_25, kennysheep_generic_room_13

Skill      XL: |  1  2  3  4  5 |
---------------+----------------+-----
Armour         | 1 2 3 |  3.2
Earth Magic    | 4 5 |  5.0
Spellcasting   | 3 |  3.5
Dodging        | |  1.5
Stealth        | |  2.1
Transmutations | |  0.7

Action                   |  1- 3 |  4- 6 || total
-------------------------+-------+-------++-------
Melee: Unarmed           |     5 |    24 ||    29
 Cast: Sandblast         |    53 |    28 ||    81
       Passwall          |     2 |       ||     2
       Stone Arrow       |       |    37 ||    37
  Use: Scroll            |     3 |       ||     3
       Potion            |       |     1 ||     1
  Eat: Chunk             |     2 |     8 ||    10
       Ration            |       |     1 ||     1
Armor: Robe              |     5 |    24 ||    29
Dodge: Dodged            |    13 |    56 ||    69

Table legend:
 A = Spawn XP
 B = Non-spawn XP
 C = Spawn XP percentage of total XP
 D = Spawn monster count
 E = Non-spawn monster count
 F = Spawn count percentage of total count
 G = Total turns spent on level
                    A         B        C        D         E        F      G
               +---------+---------+-------+---------+---------+-------+---------
         Total |       0 |     280 |   0.0 |       0 |      76 |   0.0 |  3662
               +---------+---------+-------+---------+---------+-------+---------
           D:1 |       0 |      44 |   0.0 |       0 |      23 |   0.0 |   896
           D:2 |       0 |      79 |   0.0 |       0 |      22 |   0.0 |  1452
           D:3 |       0 |     157 |   0.0 |       0 |      31 |   0.0 |  1312
               +---------+---------+-------+---------+---------+-------+---------
